 Dungeon Crawl Stone Soup version 0.31-a0-744-gbc345e7fcb (webtiles) character file.

Game seed: 5095168046618712359

63 GordonOverkill the Covert (level 4, -5/41 HPs)
             Began as a Gnoll Delver on Sept 13, 2023.
             Slain by a sleepcap (8 damage)
             ... on level 5 of the Dungeon.
             The game lasted 00:02:49 (407 turns).

GordonOverkill the Covert (Gnoll Delver)             Turns: 407, Time: 00:02:50

Health: -5/41      AC:  3    Str: 14    XL:     4   Next: 10%
Magic:  5/5        EV: 13    Int:  9    God:
Gold:   0          SH:  5    Dex: 13    Spells: 5/5 levels left

rFire   . . .        a - +0 short sword
rCold   . . .        (no shield)
rNeg    . . .        b - +0 leather armour
rPois   .            (no helmet)
rElec   .            (no cloak)
rCorr   .            (no gloves)
SInv    .            (no boots)
Will    .....        h - amulet of reflection
Stlth   ++++         (no ring)
HPRegen 0.26/turn    (no ring)
MPRegen 0.09/turn

%: reflection
@: no status effects
A: fangs 1, strong nose, distributed training
a: no special abilities


You were on level 5 of the Dungeon.
You visited 1 branch of the dungeon, and saw 3 of its levels.

Inventory:

Hand Weapons
 a - a +0 short sword (weapon)
Missiles
 j - a boomerang (quivered)
Armour
 b - a +0 leather armour (worn)
Jewellery
 h - an amulet of reflection (around neck)
Wands
 g - a wand of digging (3)
Scrolls
 c - a scroll of fog
 d - a scroll of revelation
 e - a scroll of fear
Potions
 f - a potion of haste


   Skills:
 + Level 6.6 Fighting
 + Level 4.6 Short Blades
 + Level 1.0 Long Blades
 + Level 1.0 Axes
 + Level 1.0 Maces & Flails
 + Level 1.0 Polearms
 + Level 1.0 Staves
 + Level 1.0 Ranged Weapons
 + Level 1.0 Throwing
 + Level 1.0 Armour
 + Level 4.6 Dodging
 + Level 9.6 Stealth
 + Level 1.0 Shields
 + Level 1.0 Unarmed Combat
 + Level 1.0 Spellcasting
 + Level 0.8 Conjurations
 + Level 0.8 Hexes
 + Level 0.8 Summonings
 + Level 0.8 Necromancy
 + Level 0.8 Translocations
 + Level 0.8 Transmutations
 + Level 0.8 Fire Magic
 + Level 0.8 Ice Magic
 + Level 0.8 Air Magic
 + Level 0.8 Earth Magic
 + Level 0.8 Poison Magic
 + Level 1.1 Invocations
 + Level 1.0 Evocations
 + Level 1.0 Shapeshifting


You had 5 spell levels left.
You didn't know any spells.
Your spell library was empty.

Dungeon Overview and Level Annotations

Branches:
Dungeon (7/15)
 Temple: D:4-7

Altars:
Ru


Innate Abilities, Weirdness & Mutations

You have very sharp teeth.
Your uncanny sense of smell can sniff out nearby items.
Your experience applies equally to all skills.


Message History

Aim: a sleepcap (moderately damaged, 100% to hit)
The puff of flame hits the sleepcap.
The sleepcap is heavily damaged.
You block the sleepcap's attack.
Aiming: Throw Flame
Press: ? - help, Shift-Dir - straight line, f/p - sleepcap
Aim: a sleepcap (heavily damaged, 100% to hit)
The puff of flame hits the sleepcap.
The sleepcap is heavily damaged.
The sleepcap releases spores at you.
* * * LOW HITPOINT WARNING * * *
Aiming: Throw Flame
Press: ? - help, Shift-Dir - straight line, f/p - sleepcap
Aim: a sleepcap (heavily damaged, 100% to hit)
The puff of flame hits the sleepcap.
The sleepcap is severely damaged.
The sleepcap releases spores at you.
* * * LOW HITPOINT WARNING * * *
You are engulfed in a cloud of soporific spores!
You fall asleep.
The sleepcap releases spores at you!
You wake up.
* * * LOW HITPOINT WARNING * * *
You are engulfed in a cloud of soporific spores!
You are unaffected.
Unknown command.
Unknown command.
Unknown command.
Aiming: Throw Flame
Press: ? - help, Shift-Dir - straight line, f/p - sleepcap
Aim: a sleepcap (severely damaged, 100% to hit)
The puff of flame hits the sleepcap.
The sleepcap is severely damaged.
The sleepcap misses you.
Aiming: Throw Flame
Press: ? - help, Shift-Dir - straight line, f/p - sleepcap
Aim: a sleepcap (severely damaged, 100% to hit)
The puff of flame hits the sleepcap but does no damage.
The sleepcap is severely damaged.
The now-empty wand crumbles to dust.
The sleepcap releases spores at you!
You die...

.#....................
..................###.
#f............ ####.
#...# #.... #...# #
#.##. #...# #.##.##.
###...## #.......
#.f....# ####.###
#####@##.#.# #.#
##........#.# #.#
#.........#.# #)###
##..#.#...##.#######)...
#..................)####
#.#####.............#
#.# #.......>.>##.# #.#
#....##.##.##.# #.#
#..#.##.......#


You could see a sleepcap.

Vanquished Creatures
  2 orc wizards (D:5)
  An adder (D:5)
  2 orcs (D:5)
5 creatures vanquished.

Notes
Turn   | Place    | Note
-------+----------+-------------------------------------------
     0 | D:5      | Reached skill level 9 in Stealth
     0 | D:5      | GordonOverkill the Gnoll Delver began the quest for the
                  | Orb.
     0 | D:5      | Reached XP level 1. HP: 23/23 MP: 1/1
    32 | D:6      | Found a sacrificial altar of Ru.
    36 | D:7      | Noticed an orc wizard
    36 | D:7      | Noticed a hound
    90 | D:6      | Noticed a jelly
   177 | D:5      | Reached XP level 2. HP: 29/29 MP: 2/2
   227 | D:5      | Reached skill level 1 in Invocations
   227 | D:5      | Reached XP level 3. HP: 35/35 MP: 2/4
   241 | D:5      | Reached skill level 1 in Long Blades
   241 | D:5      | Reached skill level 1 in Axes
   241 | D:5      | Reached skill level 1 in Maces & Flails
   241 | D:5      | Reached skill level 1 in Polearms
   241 | D:5      | Reached skill level 1 in Staves
   241 | D:5      | Reached skill level 1 in Ranged Weapons
   241 | D:5      | Reached skill level 1 in Throwing
   241 | D:5      | Reached skill level 1 in Armour
   241 | D:5      | Reached skill level 1 in Shields
   241 | D:5      | Reached skill level 1 in Unarmed Combat
   241 | D:5      | Reached skill level 1 in Spellcasting
   241 | D:5      | Reached skill level 1 in Evocations
   241 | D:5      | Reached skill level 1 in Shapeshifting
   241 | D:5      | Reached XP level 4. HP: 14/41 MP: 3/5
   407 | D:5      | Slain by a sleepcap

Illustrated notes

Levels and vault maps discovered:
D:5:      layout_loops_cross, mainiacjoe_overflow_24_doors
D:6:      layout_cave_pools, nicolae_overflow_crystal_walls,
          nicolae_ru_awakened_eye, jmf_multi_god_temple
D:7:      layout_cave_pools, nemelex_diamond_rough_becter, lemuel_crystal_altar,
          enter_bailey_3

Skill      XL: |  1  2  3 |
---------------+----------+-----
Stealth        | |  9.6
Invocations    | 1 |  1.1
Long Blades    | 1 |  1.0
Axes           | 1 |  1.0
Maces & Flails | 1 |  1.0
Polearms       | 1 |  1.0
Staves         | 1 |  1.0
Ranged Weapons | 1 |  1.0
Throwing       | 1 |  1.0
Armour         | 1 |  1.0
Shields        | 1 |  1.0
Unarmed Combat | 1 |  1.0
Spellcasting   | 1 |  1.0
Evocations     | 1 |  1.0
Shapeshifting  | 1 |  1.0
Fighting       | |  6.6
Short Blades   | |  4.6
Dodging        | |  4.6
Conjurations   | |  0.8
Hexes          | |  0.8
Summonings     | |  0.8
Necromancy     | |  0.8
Translocations | |  0.8
Transmutations | |  0.8
Fire Magic     | |  0.8
Ice Magic      | |  0.8
Air Magic      | |  0.8
Earth Magic    | |  0.8
Poison Magic   | |  0.8

Action                     |  1- 3 |  4- 6 || total
---------------------------+-------+-------++-------
  Melee: Short sword       |     6 |     7 ||    13
         Bite              |     2 |     2 ||     4
  Evoke: Wand              |     9 |    10 ||    19
 Armour: Leather armour    |     6 |     7 ||    13
  Dodge: Dodged            |     2 |     4 ||     6
  Block: Other             |     3 |     4 ||     7

Table legend: (Time is in decaauts)
 A = Elapsed time spent in this place.
 B = Non-inter-level travel time spent in this place.
 C = Inter-level travel time spent in this place.
 D = Time resting spent in this place.
 E = Time spent auto-exploring this place.
 F = Levels seen in this place.
 G = Mean time per level.
                   A        B        C        D        E       F      G
               +--------+--------+--------+--------+--------+-----+--------+
         Total |    404 |    404 |      0 |    110 |      0 |   3 |  134.7 |
       Dungeon |    404 |    404 |      0 |    110 |      0 |   3 |  134.7 |
               +--------+--------+--------+--------+--------+-----+--------+

Top non-repeatable levels by time:
     D:5: 345 daAuts
     D:6: 57 daAuts
     D:7: 1 daAuts
